 Dungeon Sprint DCSS version 0.22-a0-533-g4d20840 (webtiles) character file.

32 emperorscorpion the Slasher (level 3, -4/37 HPs)
             Began as a Minotaur Berserker on June 22, 2018.
             Was a Believer of Trog.
             Slain by a human (8 damage)
             ... in the Dungeon (Sprint III: "The Ten Rune Challenge").
             The game lasted 00:00:45 (279 turns).

emperorscorpion the Slasher (Minotaur Berserker)     Turns: 279, Time: 00:00:46

Health: -4/37      AC:  2    Str: 21    XL:     3   Next: 8%
Magic:  2/2        EV: 13    Int:  4    God:    Trog [**....]
Gold:   0          SH:  0    Dex: 10    Spells: 2/2 levels left

rFire    . . .     SeeInvis .   a - +0 falchion
rCold    . . .     Gourm    .   (no shield)
rNeg     . . .     Faith    .   b - +0 animal skin
rPois    .         Spirit   .   (helmet restricted)
rElec    .         Reflect  .   (no cloak)
rCorr    .         Harm     .   (no gloves)
MR       .....     NoTele   +   (no boots)
Stlth    +.........             (no amulet)
HPRegen  0.12/turn              (no ring)
MPRegen  0.08/turn              (no ring)

@: no status effects
A: retaliatory headbutt, horns 2
a: Berserk, Trog's Hand, Renounce Religion


You were in the Dungeon.
You worshipped Trog.
Trog was pleased with you.
You were not hungry.

You visited 1 branch

Inventory:

Hand Weapons
 a - a +0 falchion (weapon)
Armour
 b - a +0 animal skin (worn)
Scrolls
 i - a scroll of blinking
 j - a scroll of identify {unknown}
 k - a scroll of random uselessness {unknown}
Potions
 d - a potion of curing
 e - a potion of heal wounds
 f - a potion of haste
 g - 2 potions of magic
 h - a potion of berserk rage
Comestibles
 c - a ration


   Skills:
 + Level 5.8 Fighting
 + Level 6.0 Long Blades
 + Level 3.3 Armour
 + Level 3.1 Dodging


You had 2 spell levels left.
You didn't know any spells.
Your spell library was empty.

Dungeon Overview and Level Annotations

Branches:
Dungeon (1/1)

Altars:


Innate Abilities, Weirdness & Mutations

You reflexively headbutt those who attack you in melee.
You have a pair of horns on your head.


Message History

The human hits you!
You hit the human. Your headbutt misses the human.
The human is moderately wounded.
The human hits you.
You slash the human! You headbutt the human.
The human is heavily wounded.
The human hits you.
* * * LOW HITPOINT WARNING * * *
You closely miss the human.
The human is heavily wounded.
The human barely misses you.
You riposte.
You hit the human.
The human is severely wounded.
You hit the human but do no damage.
The human is severely wounded.
The human hits you!
* * * LOW HITPOINT WARNING * * *
You closely miss the human.
The human is severely wounded.
The human hits you!
You die...

▓..##.......#
▓##.##.##...# .#
##.##.###..# ..#
▓#.####.##..# ...+
▓.###..##..##
#...# ▓#.....##.[#
#....#
###..##...##.....#
##..##....#p.....#
#..###..##@# #..#
#..#### ▓▓▓▓ ▓▓▓▓


You could see a human.

Vanquished Creatures
  Jessica (D)
  An ooze (D)
  2 rats (D)
4 creatures vanquished.

Vanquished Creatures (others)
  2 draconian scorchers (D)
  6 hellions (D)
  2 yaktaurs (D)
  5 plants (D)
15 creatures vanquished.

Grand Total: 19 creatures vanquished

Notes
Turn   | Place    | Note
-------+----------+-------------------------------------------
     0 | D        | emperorscorpion the Minotaur Berserker began the quest for the Orb.
     0 | D        | Reached XP level 1. HP: 19/19 MP: 0/0
    14 | D        | Reached skill level 4 in Long Blades
    32 | D        | Reached ** piety under Trog
    40 | D        | Noticed Jessica
    46 | D        | Killed a yaktaur
    54 | D        | Killed Jessica
    54 | D        | Reached skill level 5 in Fighting
    54 | D        | Reached skill level 6 in Long Blades
    54 | D        | Reached XP level 2. HP: 10/30 MP: 1/1
    54 | D        | Reached XP level 3. HP: 12/37 MP: 2/2
    74 | D        | Killed a hellion
    74 | D        | Killed a hellion
    75 | D        | Killed a hellion
    84 | D        | Killed a hellion
   107 | D        | Killed a hellion
   109 | D        | Killed a hellion
   191 | D        | Killed a white draconian scorcher
   196 | D        | Killed a white draconian scorcher
   246 | D        | Killed a yaktaur
   279 | D        | Slain by a human

Vault maps used:
D:        dungeon_sprint_mu

Skill      XL: |  1 |
---------------+----+-----
Fighting       | 5 |  5.8
Long Blades    | 6 |  6.0
Armour         | 3 |  3.3
Dodging        | 3 |  3.1

Action                   || total
-------------------------++-------
Melee: Falchion          ||    17
       Headbutt          ||     4
Armor: Animal skin       ||     1
Dodge: Dodged            ||     4
       Rpst.: Falchion   ||     2

Table legend:
 A = Spawn XP
 B = Non-spawn XP
 C = Spawn XP percentage of total XP
 D = Spawn monster count
 E = Non-spawn monster count
 F = Spawn count percentage of total count
 G = Total turns spent on level
                    A         B        C        D         E        F      G
               +---------+---------+-------+---------+---------+-------+---------
         Total |       0 |      46 |   0.0 |       0 |       4 |   0.0 |   279
               +---------+---------+-------+---------+---------+-------+---------
             D |       0 |      46 |   0.0 |       0 |       4 |   0.0 |   279
               +---------+---------+-------+---------+---------+-------+---------
